[Event "*** Titled Tuesday Blitz"]
[Site "Chess.com"]
[Date "2020.11.24"]
[Round "4"]
[White "Chuchofrio1"]
[Black "bylavochka"]
[Result "0-1"]
[WhiteElo "2396"]
[BlackElo "2178"]
[TimeControl "180+1"]
[EndTime "10:56:01 PST"]
[Termination "bylavochka won by checkmate"]

1. d4 Nf6 2. c4 e6 3. Nc3 d5 4.
cxd5 exd5 5. Bg5 Nbd7 6. e3 c6 7. Bd3 Be7 8. h3 O-O 9. Nf3 Re8 10. O-O Nf8 11. Qc2 Ne4 12. Bxe7 Qxe7 13. Bxe4 dxe4 14.
Nd2 f5 15. Rae1 Be6 16. f3 exf3 17. Nxf3 Ng6 18. e4 fxe4 19. Nxe4 Bf5 20. Qb3+ Be6 21. Qd1 Bc4 22. Ned2 Qb4 23. Rxe8+ Rxe8 24. Re1 Rxe1+ 25.
Qxe1 Bf7 26. b3 Nf4 27. Qe3 Nd5 28. Qe5 h6 29. Kh2 Kh7 30. Ne4 Bg6 31. Nh4 Bxe4 32.
Qxe4+ Kg8 33. Qe6+ Kh7 34. Qg6+ Kg8 35. Nf5 Qf8 36. Qe6+ Qf7 37. Qc8+ Kh7 38. Nd6 Qf4+ 39. g3 Qf2+ 40. Kh1 Ne3 41. Qf5+ Nxf5 42. Nxf5 Qxf5 43. Kg2 Qb1 44. Kf3 Qxa2 45. Ke4 Qxb3 46. d5 Qxd5+ 47. Ke3 a5 48. Kf2 a4 49. Kg1 a3 50. Kh2 a2 51.
h4 a1=Q 52. h5 Qah1# 0-1

[Event "*** Titled Tuesday Blitz"]
[Site "Chess.com"]
[Date "2020.11.24"]
[Round "4"]
[White "ChessQueen"]
[Black "GM_dmitrij"]
[Result "0-1"]
[WhiteElo "2745"]
[BlackElo "2893"]
[TimeControl "180+1"]
[EndTime "10:56:02 PST"]
[Termination "GM_dmitrij won on time"]

1. e4 e5 2. Nf3 Nc6 3. Bc4 Nf6 4. d3 Bc5 5. a4 a5 6. Bg5 d6 7. c3 h6 8. Bh4 g5 9. Bg3 Bb6 10. Nbd2 Nh7 11. Nf1 h5 12. h4 g4 13. N3d2 Be6 14. Qb3 Qd7 15. Ne3 Nf6 16. O-O O-O 17. Kh2 Rad8 18. Rae1 Kg7 19. Qd1 d5 20. exd5 Nxd5 21.
Nxd5 Bxd5 22. Bxd5 Qxd5 23. Nc4 f6 24. Nxb6 cxb6 25.
Re3 f5 26. c4 Qd6 27. f4 gxf3 28. Rexf3 Nd4 29. Qe1 Nxf3+ 30. Rxf3 f4 31. Bf2 Rfe8 32. Qe4 Rd7 33. Qf5 Qe6 34. Qxh5 Qg6 35. Qxg6+ Kxg6 36. g3 Red8 37. gxf4 Rxd3 38. Rg3+ Rxg3 39. Kxg3 e4 40. Bxb6 Rd6 41. Bxa5 Kf5 42. Bc3 Rd3+ 43. Kf2 Kxf4 44. a5 Rh3 45. a6 bxa6 46. c5 e3+ 47. Ke2 Ke4 48. c6 Rh2+ 49. Kf1 Kf3 50. Kg1 Rg2+ 51. Kh1 Rg6 0-1

[Event "*** Titled Tuesday Blitz"]
[Site "Chess.com"]
[Date "2020.11.24"]
[Round "4"]
[White "queen_iryna"]
[Black "enriquetejedor"]
[Result "0-1"]
[WhiteElo "2261"]
[BlackElo "2481"]
[TimeControl "180+1"]
[EndTime "10:56:02 PST"]
[Termination "enriquetejedor won by resignation"]

1. e4 c5 2. Nf3 Nf6 3. e5 Nd5 4. c4 Nc7 5. d4 cxd4 6. Qxd4 Nc6 7. Qe4 d5 8. exd6 Qxd6 9. Nc3 g6 10. Be2 Bf5 11.
Qh4 Bg7 12. O-O O-O 13. Bh6 Ne6 14. Rad1 Qb4 15. Bc1 Rad8 16. Nd5 Qa4 17. Nxe7+ Nxe7 18. Qxe7 Qxa2 19. Rxd8 Rxd8 20. Ng5 Rf8 21. Nxe6 Bxe6 22.
Qxb7 Bxc4 23. Bxc4 Qxc4 24. Qxa7 Rc8 25. g3 h5 26. h4 Bd4 27. Qa3 Rb8 28. Qf3 Rb3 29. Qg2 Qe2 30. Qa8+ Kg7 31. Qg2 Kh7 32. Qd5 Rxg3+ 33.
Kh2 Qxf1 34. Qxf7+ Bg7 35. Kxg3 Qg1+ 36. Kf3 Qh1+ 37. Ke2 Qxc1 38. Kf3 Qxb2 39. Kg2 Qe5 40. Kh3 Qf5+ 41. Qxf5 gxf5 42. Kg3 Kg6 43. Kf4 Bh6+ 44.
Kf3 Bd2 45. Kg3 Kf6 46. Kf3 Ke5 47. Ke2 Ba5 48. Kf3 Bd8 49. Kg3 Ke4 50. f3+ Ke3 51.
Kh3 Bxh4 52. Kxh4 Kxf3 53. Kxh5 f4 54. Kh4 Ke2 55. Kh3 f3 56. Kh2 f2 0-1

[Event "*** Titled Tuesday Blitz"]
[Site "Chess.com"]
[Date "2020.11.24"]
[Round "4"]
[White "BJthechessgod"]
[Black "Zq1"]
[Result "0-1"]
[WhiteElo "2229"]
[BlackElo "2578"]
[TimeControl "180+1"]
[EndTime "10:56:02 PST"]
[Termination "Zq1 won by resignation"]

1. e4 c5 2. Nf3 d6 3. Bb5+ Bd7 4. Bxd7+ Nxd7 5. d4 cxd4 6. Qxd4 Ngf6 7. Nc3 g6 8.
Bg5 Bg7 9. O-O O-O 10. Qd2 Rc8 11. Rad1 Qb6 12. Nd5 Nxd5 13. exd5 Qxb2 14. Bxe7 Rxc2 15. Qf4 Re8 16. Qxd6 Ne5 17. Nxe5 Bxe5 18. Qd7 Ra8 19. d6 Bd4 20. Bh4 Rf8 21. Qe7 Bc5 22. Qe4 Re2 23.
Qd5 Bb6 24. d7 Bd8 25. Bxd8 Rxd8 26. Qg5 Qb6 27. Qg4 Qe6 28. Qa4 Rxa2 29. Qb5 Qc6 30. Qd3 Qc5 31. Rd2 Rxd2 32. Qxd2 Qe7 33. Rd1 a5 34. Qd5 b6 35. Qc6 Qe6 36. Qc7 Qf6 37. g3 a4 38. Rd6 Qe7 39. Rxb6 Qxd7 40. Qc4 Ra8 41. Rc6 a3 42. Rc7 Qe6 43. Qxe6 fxe6 44. Rc1 a2 45. Ra1 Kf7 46. Kf1 Kf6 47. Ke2 Ke5 48. Kd3 Kf5 49. f3 e5 50. Ke3 Ra3+ 51. Ke2 e4 52. fxe4+ Kxe4 53. h4 h5 54. Kf2 Kd3 55.
Kf3 Kc2+ 56. Kf4 Kb2 57. Rf1 a1=Q 58. Rxa1 Rxa1 59. Kg5 Ra6 60. g4 hxg4 61. Kxg4 Kc3 0-1

[Event "*** Titled Tuesday Blitz"]
[Site "Chess.com"]
[Date "2020.11.24"]
[Round "4"]
[White "zocpoc71"]
[Black "ukchessbomber"]
[Result "0-1"]
[WhiteElo "2497"]
[BlackElo "2358"]
[TimeControl "180+1"]
[EndTime "10:56:03 PST"]
[Termination "ukchessbomber won on time"]

1. e4 e5 2. f4 exf4 3. Bc4 Qh4+ 4. Kf1 Nf6 5. Nf3 Qh5 6. Nc3 d6 7. d4 Bg4 8. Bxf4 Nc6 9. Be3 Be7 10. h3 Bxf3 11.
Qxf3 Qxf3+ 12. gxf3 Nh5 13. Rg1 Rc8 14. Nd5 Bd8 15. c3 O-O 16. Bg5 Bxg5 17. Rxg5 g6 18. Kf2 h6 19. Rg4 Kh8 20. b4 a6 21. a4 Nd8 22.
Ne7 Rb8 23. Rag1 Nf6 24. Nxg6+ fxg6 25. Rxg6 Nc6 26. Rxh6+ Nh7 27. Bd3 Rf6 28. Rh4 Rbf8 29. Rg3 R6f7 30. Rh5 Rg7 31. e5 Rff7 32. e6 Re7 33. Rxg7 Rxg7 34. f4 Ne7 35. f5 Kg8 36.
Kf3 Nf6 37. Rh4 Ned5 38. c4 Ne7 39. d5 Rh7 40. Rxh7 Kxh7 41. Kf4 Kh6 42. h4 Kh5 43. c5 Kxh4 44. cxd6 cxd6 45. b5 a5 46. b6 Nexd5+ 47. Kf3 Kg5 48. Be4 Ne7 49. Bxb7 Kxf5 0-1

[Event "*** Titled Tuesday Blitz"]
[Site "Chess.com"]
[Date "2020.11.24"]
[Round "4"]
[White "PriSachu"]
[Black "Deepweb2020"]
[Result "0-1"]
[WhiteElo "2529"]
[BlackElo "2279"]
[TimeControl "180+1"]
[EndTime "10:56:04 PST"]
[Termination "Deepweb2020 won by resignation"]

1. e4 e5 2. Nf3 Nc6 3. Bb5 a6 4. Ba4 Nf6 5. O-O b5 6. Bb3 Bc5 7. a4 Rb8 8. c3 d6 9. d4 Bb6 10. a5 Ba7 11. h3 h6 12. Be3 Ra8 13. Nbd2 O-O 14. Re1 Re8 15. d5 Ne7 16. Nf1 Ng6 17.
Qd2 Nxe4 18. Qd1 Bxe3 19. Nxe3 Nf4 20. Bc2 Ng5 21. Nxg5 Qxg5 22. Kh2 Qh4 23. Qf3 Bd7 24. Qg3 Qxg3+ 25. fxg3 Nh5 26. Bd3 Rab8 27. b4 Nf6 28.
Rab1 c6 29. c4 cxd5 30. cxd5 Rec8 31. Rec1 Kf8 32. g4 Rxc1 33. Rxc1 Rc8 34. Rxc8+ Bxc8 35. Bf5 Bb7 36. Kg3 g6 37. Bd3 Bxd5 38. h4 Bb7 39. g5 hxg5 40. hxg5 Nh5+ 41. Kh4 Nf4 42. Bf1 Nd5 43. Ng4 Nxb4 44. Nf6 Nc6 45. Nd7+ Ke7 46. Nb6 Nxa5 47. g3 Nc4 48. Nxc4 bxc4 49. Bxc4 d5 50. Ba2 Kd6 51. Kg4 Bc6 52. Kf3 Kc5 53. Ke2 Bb5+ 54. Kd2 Bc4 55. Bb1 e4 56. Bc2 Kd4 57. Bd1 e3+ 58. Ke1 Ke4 59. Be2 Bxe2 60. Kxe2 a5 0-1

[Event "*** Titled Tuesday Blitz"]
[Site "Chess.com"]
[Date "2020.11.24"]
[Round "4"]
[White "CoachHakia"]
[Black "AniJak"]
[Result "1-0"]
[WhiteElo "2165"]
[BlackElo "2335"]
[TimeControl "180+1"]
[EndTime "10:56:04 PST"]
[Termination "CoachHakia won by checkmate"]

1. d4 f5 2. c4 Nf6 3. Nc3 e6 4. g3 Bb4 5. Bg2 O-O 6. Nh3 d6 7. O-O Bxc3 8. bxc3 e5 9. c5 Nc6 10. Ba3 Re8 11. e3 Rb8 12. Ng5 h6 13. Qb3+ d5 14. dxe5 Nxe5 15. Nf3 Nxf3+ 16. Bxf3 c6 17. c4 Be6 18.
Rfd1 dxc4 19. Rxd8 cxb3 20. Rxb8 Rxb8 21. axb3 Bxb3 22. Bb2 a6 23. Bxf6 gxf6 24. Rb1 Bc2 25. Rb6 Be4 26. Be2 a5 27. Ba6 a4 28. Bxb7 a3 29. Ba6 Rxb6 30. cxb6 a2 31. Bc4+ Kg7 32. Bxa2 c5 33. Bc4 Bb7 34. Kf1 Kf8 35. Ke2 Ke7 36.
f3 Kd6 37. Bb5 Bc8 38. Kd3 Bb7 39. e4 fxe4+ 40. fxe4 Ke5 41. Kc4 Bxe4 42. Kxc5 Bg2 43.
Bc6 Bf1 44. b7 Bh3 45. b8=Q+ Ke6 46. Qe8+ Kf5 47. Qc8+ Kg5 48. Qxh3 f5 49. Qh4+ Kg6 50. Be8+ Kg7 51. Qe7+ Kg8 52. Qf7+ Kh8 53. Qf8+ Kh7 54.
Bf7 h5 55. Qg8+ Kh6 56. Qg6# 1-0

[Event "*** Titled Tuesday Blitz"]
[Site "Chess.com"]
[Date "2020.11.24"]
[Round "4"]
[White "kingnb"]
[Black "WildTricks"]
[Result "1-0"]
[WhiteElo "2614"]
[BlackElo "2462"]
[TimeControl "180+1"]
[EndTime "10:56:05 PST"]
[Termination "kingnb won by resignation"]

1. d4 f5 2. Nf3 Nf6 3. Bg5 e6 4.
Nbd2 Be7 5. Bxf6 Bxf6 6. e4 d5 7.
exf5 exf5 8. Bd3 O-O 9. O-O g6 10. c3 Be6 11. Re1 Re8 12. Qb3 b6 13. Re2 Bf7 14.
Rxe8+ Qxe8 15. Re1 Qd8 16. Ne5 c6 17. Nxf7 Kxf7 18. c4 Bxd4 19. cxd5 cxd5 20. Nf3 Bf6 21. Rd1 Nc6 22. Bc4 dxc4 23. Qxc4+ Kg7 24. Rxd8 Rxd8 25.
g3 Rd6 26. b4 a5 27. b5 Ne7 28.
Qc7 Re6 29. Qd7 Kf7 30. a4 Re4 31. Qc7 Re6 32. h4 h6 33. Kg2 g5 34. h5 g4 35.
Nh4 Bxh4 36. gxh4 Kf6 37. Qc3+ Kf7 38. f3 gxf3+ 39. Kxf3 Nd5 40. Qc4 Re5 41. Kf2 Kf6 42. Qd4 Ke6 43. Kf3 Kd6 44. Kf2 Ke6 45. Qd2 Kd6 46. Qxh6+ Kc5 47. Qg5 Re4 48. h6 Rg4 49. h7 Rxg5 50. hxg5 Nf4 51. h8=Q Nd3+ 52. Ke3 Ne5 53.
Qxe5+ Kb4 54. Qd4+ 1-0

[Event "*** Titled Tuesday Blitz"]
[Site "Chess.com"]
[Date "2020.11.24"]
[Round "4"]
[White "A-S-00"]
[Black "Szparu"]
[Result "0-1"]
[WhiteElo "2314"]
[BlackElo "2496"]
[TimeControl "180+1"]
[EndTime "10:56:05 PST"]
[Termination "Szparu won by resignation"]

1. e4 e6 2. d4 d5 3. e5 c5 4. c3 Nc6 5. Nf3 Bd7 6. a3 f6 7.
exf6 Nxf6 8. Bd3 c4 9. Bc2 Bd6 10. O-O Qc7 11. g3 O-O-O 12. b3 cxb3 13. Bxb3 Na5 14.
Bc2 h6 15. a4 g5 16. Na3 a6 17. Bd3 Rhe8 18. Re1 Kb8 19. Rb1 Ka7 20. Bc2 Ne4 21.
Rxe4 dxe4 22. Bxe4 Bc6 23. Bd3 e5 24. dxe5 Bc5 25.
Qe2 Qf7 26. Nd4 Bxd4 27. cxd4 Qd5 28. f3 Qxf3 29. Qxf3 Bxf3 30. Be3 Bd5 31. Nc2 Nc6 32. Bf2 Ka8 33. Nb4 Bf3 34. Nxc6 Bxc6 35. a5 h5 36. Bg6 Rh8 37. Rb6 h4 38. g4 Rhf8 39. Bd3 Bf3 40.
h3 Rc8 41. Be3 Rc3 42. Bxg5 Rxd3 43. e6 Rd1+ 44. Kf2 Bxg4+ 45. Ke3 Bxe6 46. Rxe6 Re1+ 47. Kd3 Rxe6 48. d5 Re5 49. Kc4 Rxg5 50. d6 Rd8 51. d7 Rg7 0-1

[Event "*** Titled Tuesday Blitz"]
[Site "Chess.com"]
[Date "2020.11.24"]
[Round "4"]
[White "Dedic8"]
[Black "ChessWarrior7197"]
[Result "1-0"]
[WhiteElo "2811"]
[BlackElo "2994"]
[TimeControl "180+1"]
[EndTime "10:56:07 PST"]
[Termination "Dedic8 won by resignation"]

1. e4 c6 2. d4 d5 3. Nc3 dxe4 4.
Nxe4 Nf6 5. Nxf6+ exf6 6. c3 Bd6 7. Bd3 O-O 8. Qc2 Re8+ 9. Ne2 h5 10. Be3 Nd7 11.
O-O-O Nf8 12. c4 Be6 13. Nc3 Bb4 14. Kb1 Rc8 15. Ne4 b5 16. c5 Re7 17. Nd6 Rb8 18. Bf4 Ba5 19. Be4 Bd7 20. d5 cxd5 21. Bxd5 Bc7 22. c6 Be6 23. Nxf7 Qe8 24. Bxc7 Rxc7 25. Nd6 Qe7 26. Nf5 Qf7 27. Ne3 Rbc8 28. Qc5 Bxd5 29.
Nxd5 Ne6 30. Qd6 Rd8 31. Qb4 a5 32. Qxb5 Rcc8 33. Nb6 Rb8 34. Rxd8+ Rxd8 35. Rc1 Qg6+ 36. Ka1 Qc2 37. Qf1 Qe4 38. c7 Nxc7 39. Rxc7 Rd2 40.
Rc8+ Kh7 41. Qb1 Qxb1+ 42. Kxb1 Rxf2 43. Rc2 Rf1+ 44. Rc1 Rf2 45. Rg1 g5 46. a4 Rf4 47.
b3 Rxa4 48. bxa4 1-0

[Event "*** Titled Tuesday Blitz"]
[Site "Chess.com"]
[Date "2020.11.24"]
[Round "4"]
[White "jacky72"]
[Black "beautroll"]
[Result "0-1"]
[WhiteElo "2691"]
[BlackElo "2425"]
[TimeControl "180+1"]
[EndTime "10:56:07 PST"]
[Termination "beautroll won by checkmate"]

1. d4 Nf6 2. c4 g6 3. Nc3 Bg7 4. e4 d6 5. Be2 O-O 6. Bg5 c5 7. d5 h6 8. Be3 e6 9. Nf3 exd5 10. cxd5 b5 11. e5 Ng4 12. Nxb5 Nxe3 13. fxe3 Bg4 14. Nxd6 Bxe5 15. Nc4 Bxf3 16. gxf3 Qh4+ 17. Kd2 Nd7 18. Qe1 Qf6 19. Kc2 Rab8 20. Rb1 Nb6 21. Nxb6 Rxb6 22. b3 Rd8 23. f4 Bc7 24. Bf3 Qf5+ 25. Kb2 c4 26. Qc3 Rc8 27. Ka1 Bd8 28. e4 Qxf4 29.
e5 cxb3 30. Qxc8 Qxe5+ 31. Rb2 Rb8 32. Qc1 Bf6 33. Re1 Qf5 34. Be4 Qf2 35. Rf1 Bxb2+ 36. Kb1 Qe2 37. Qc7 bxa2+ 38. Kxa2 Qa6+ 39. Kb1 Qxf1+ 40.
Kc2 Qb5 41. d6 Qb3+ 42. Kd2 Qb4+ 43. Ke3 Re8 44. Qc6 Qd4+ 45. Kf3 Qd1+ 46. Kf4 Be5+ 47. Ke3 Qd4+ 48. Kf3 Rd8 49. d7 Qxd7 50. Qc5 Qd1+ 51. Kg2 Rd2+ 52. Kh3 Qf1+ 53. Kh4 Qf4+ 54. Kh3 Rxh2# 0-1

[Event "*** Titled Tuesday Blitz"]
[Site "Chess.com"]
[Date "2020.11.24"]
[Round "4"]
[White "26andrej26"]
[Black "Training_Day"]
[Result "1/2-1/2"]
[WhiteElo "2514"]
[BlackElo "2350"]
[TimeControl "180+1"]
[EndTime "10:56:07 PST"]
[Termination "Game drawn by agreement"]

1. e4 e5 2. Nf3 Nc6 3. Bb5 Nf6 4. O-O Nxe4 5. d4 Nd6 6. Bxc6 dxc6 7. dxe5 Nf5 8.
Qxd8+ Kxd8 9. h3 Ke8 10. b3 Be7 11. c4 h6 12. Nc3 Be6 13. g4 Nh4 14. Nxh4 Bxh4 15.
f4 Rd8 16. Ne4 Rd4 17. Nc5 Bc8 18. Be3 Rd8 19. Rad1 h5 20. f5 hxg4 21. hxg4 Rxd1 22. Rxd1 Be7 23. Kg2 g6 24. fxg6 fxg6 25. e6 Bxc5 26. Bxc5 Bxe6 27. Kg3 b6 28. Re1 Kf7 29. Rf1+ Ke8 30.
Bd4 Rf8 31. Rxf8+ Kxf8 32. Be5 b5 33. cxb5 cxb5 34. Bxc7 a5 35. Bxa5 Ke7 36. Bb4+ Kd7 37. Kf4 Kc6 38. Bf8 Kb6 39. Kg5 Ka6 40. b4 Bd7 41.
Bc5 Bc8 42. Kf4 Bd7 43. g5 Bf5 44. Ke5 Bb1 45. a3 Bf5 46. Kd6 Bb1 47. Kc6 Bf5 48. a4 Be4+ 49. Kd6 bxa4 50. Ke5 Bf5 51. Kd4 Kb5 52. Kc3 Be6 53. Kb2 Bf5 54. Ka3 Be6 55. Bf8 1/2-1/2

[Event "*** Titled Tuesday Blitz"]
[Site "Chess.com"]
[Date "2020.11.24"]
[Round "4"]
[White "Alexander_Kachko"]
[Black "pelmerch"]
[Result "1-0"]
[WhiteElo "2779"]
[BlackElo "2518"]
[TimeControl "180+1"]
[EndTime "10:56:09 PST"]
[Termination "Alexander_Kachko won on time"]

1. e4 e5 2. Nf3 Nc6 3. Bc4 Nf6 4. d3 Be7 5. c3 O-O 6. Bb3 d6 7. Nbd2 h6 8. Nf1 Nh7 9. Ng3 Ng5 10. Nd2 Kh7 11. O-O Ne6 12. Nf5 Nf4 13. Bc2 g6 14. Nxe7 Qxe7 15. Nc4 f5 16. Bxf4 exf4 17. exf5 Bxf5 18. d4 Bxc2 19. Qxc2 f3 20. g3 Qe6 21. Ne3 Rae8 22. Kh1 Qh3 23. Rg1 Ne7 24. Qd3 Nf5 25. Rae1 Re7 26. Qf1 Qxf1 27. Rgxf1 Rfe8 28. Kg1 Nxe3 29.
fxe3 Rxe3 30. Rxe3 Rxe3 31. Kf2 Re2+ 32. Kxf3 Rxb2 33.
Re1 g5 34. Re7+ Kg6 35. Rxc7 Rxh2 36. Rxb7 Rxa2 37. g4 h5 38. gxh5+ Kxh5 39. Kg3 Rc2 40.
Rc7 a5 41. Kf3 a4 42. Ke4 a3 43. Kd3 a2 44. Ra7 Rb2 45. c4 g4 46. c5 dxc5 47. dxc5 g3 48. c6 g2 49. Ra5+ Kh4 50. Ra4+ Kh3 51.
c7 Rb3+ 52. Kc2 a1=Q 53. c8=Q+ Kh2 54. Rxa1 1-0

[Event "*** Titled Tuesday Blitz"]
[Site "Chess.com"]
[Date "2020.11.24"]
[Round "4"]
[White "chenxiaoyuer"]
[Black "serhanberat_ozdemir"]
[Result "1-0"]
[WhiteElo "2510"]
[BlackElo "2337"]
[TimeControl "180+1"]
[EndTime "10:56:09 PST"]
[Termination "chenxiaoyuer won on time"]

1. e4 c5 2. Nf3 e6 3. d4 cxd4 4. Nxd4 a6 5. Nc3 b5 6. Bd3 Qb6 7. Nb3 Qc7 8. O-O Bb7 9. Qe2 Nf6 10. f4 b4 11. Nd1 a5 12. Nf2 Nc6 13. Be3 a4 14. Nd4 Nxd4 15. Bxd4 Bc5 16. Qe3 Be7 17. Rad1 O-O 18. e5 Nd5 19. Qh3 g6 20. Ng4 Bc5 21. Bxc5 Qxc5+ 22. Kh1 h5 23. Nf6+ Nxf6 24.
exf6 Rfe8 25. f5 exf5 26. Rxf5 Qe3 27. Rxh5 Qxh3 28. Rxh3 Re6 29. Rf1 Rae8 30. Rh4 Rb6 31. Rhf4 Ba6 32. Bxa6 Rxa6 33. Rxb4 Re2 34. h3 Rxc2 35.
Rff4 Rac6 36. Rb8+ Rc8 37. Rb7 R8c7 38. Rxc7 Rxc7 39.
Rxa4 Rc1+ 40. Kh2 Rf1 41. Rd4 Rxf6 42. Rxd7 Rf2 43. Rb7 Kg7 44. a4 Rf4 45. b3 Rf2 46. b4 Ra2 47. a5 Ra4 48. Rb6 f5 49. a6 f4 50. b5 Kh6 51. Rb7 Ra2 52. Kg1 Ra1+ 53.
Kf2 Ra2+ 54. Kf3 Kg5 55. a7 Ra3+ 56. Ke4 Ra4+ 57. Ke5 Ra5 58. Kd6 1-0

[Event "*** Titled Tuesday Blitz"]
[Site "Chess.com"]
[Date "2020.11.24"]
[Round "4"]
[White "malakismayil"]
[Black "ambaixador"]
[Result "1-0"]
[WhiteElo "2265"]
[BlackElo "2434"]
[TimeControl "180+1"]
[EndTime "10:56:09 PST"]
[Termination "malakismayil won by resignation"]

1. e4 c6 2. d4 d5 3. exd5 cxd5 4. Bd3 Nf6 5. c3 Nc6 6. h3 g6 7. Nf3 Bg7 8. O-O O-O 9. Bb5 Ne4 10. Nbd2 Nd6 11. Bxc6 bxc6 12. Re1 Qc7 13. Nb3 Ne4 14. Nfd2 f5 15. Nxe4 fxe4 16. Nc5 e5 17. Be3 Qf7 18. Qd2 h6 19. Rad1 g5 20. c4 g4 21. h4 Bf5 22.
Bxh6 Bg6 23. Bxg7 Kxg7 24. dxe5 Rad8 25. e6 Qf6 26. Qd4 dxc4 27. Qxf6+ Kxf6 28. Nd7+ Kxe6 29. Nxf8+ Rxf8 30. Rd4 Rb8 31. Re2 Rb4 32. a3 Ke5 33. Red2 Rb3 34. Rxc4 Bf7 35. Rc5+ Bd5 36. Rc3 Rb8 37.
b4 Rh8 38. g3 Ra8 39. Rc5 a6 40. Kf1 Rf8 41. Re2 Kd4 42. Rd2+ Ke5 43. Rc3 Ra8 44. Rc5 Ra7 45. Rdc2 Rb7 46. Ke2 Rf7 47. Rxc6 Bxc6 48. Rxc6 Kd4 49. Rxa6 Rc7 50. Kd2 Rf7 51. Ke2 Rc7 52.
Rd6+ Ke5 53. Rd2 Rc3 54. Ra2 Rb3 55. h5 e3 56. fxe3 Ke4 57. Kf2 Rxe3 58. Re2 Rxe2+ 59.
Kxe2 Kf5 60. b5 Kg5 61. b6 Kxh5 62. b7 1-0

[Event "*** Titled Tuesday Blitz"]
[Site "Chess.com"]
[Date "2020.11.24"]
[Round "4"]
[White "kai_nov"]
[Black "Artyom_ChessMate"]
[Result "0-1"]
[WhiteElo "2330"]
[BlackElo "2504"]
[TimeControl "180+1"]
[EndTime "10:56:10 PST"]
[Termination "Artyom_ChessMate won by resignation"]

1. d4 d5 2. c4 e6 3. Nc3 Nf6 4. cxd5 exd5 5. Bg5 c6 6. e3 Qb6 7. Qc2 Ne4 8. Nxe4 dxe4 9. Qxe4+ Be6 10. Nf3 Qxb2 11. Rb1 Bb4+ 12. Kd1 Qxa2 13. Rxb4 O-O 14. Bd3 g6 15. Bb1 Qxf2 16. Bf6 Nd7 17. Bh4 Qxg2 18. Ng5 Qg4+ 19. Qxg4 Bxg4+ 20. Kd2 Nb6 21. Rg1 Bd7 22. Ne4 Bc8 23. Bf6 Nd5 24. Rb2 a5 25. Be5 a4 26.
Ba2 f5 27. Bxd5+ cxd5 28. Nf6+ Kf7 29. Nxd5 a3 30. Rbb1 a2 31. Ra1 Be6 32. Nc7 Ra3 33. Nxe6 Kxe6 34. Rgc1 Rfa8 35. Rc3 b5 36. Rxa3 Rxa3 37.
Kc2 Kd5 38. Kb2 Rxe3 39. Rxa2 Re2+ 40. Kb3 Rxa2 41. Kxa2 g5 42. Kb3 f4 43. Kc3 b4+ 44. Kd3 b3 45. Kc3 f3 46. Bg3 b2 47. Kxb2 Kxd4 48.
Kc2 Ke3 49. Kd1 f2 50. Bxf2+ Kxf2 51. Kd2 g4 52. Kd3 h5 53. Ke4 h4 54. Kf4 g3 55.
Kg4 gxh2 56. Kh3 h1=Q+ 57. Kg4 Qg2+ 58. Kh5 h3 0-1

[Event "*** Titled Tuesday Blitz"]
[Site "Chess.com"]
[Date "2020.11.24"]
[Round "4"]
[White "suyu28"]
[Black "mc4chess"]
[Result "1-0"]
[WhiteElo "2614"]
[BlackElo "2462"]
[TimeControl "180+1"]
[EndTime "10:56:15 PST"]
[Termination "suyu28 won by resignation"]

1. e4 c5 2. Nf3 e6 3. g3 Nc6 4.
Bg2 Nf6 5. Qe2 d5 6. exd5 Nxd5 7.
O-O Be7 8. Rd1 O-O 9. d4 cxd4 10. Nxd4 Nxd4 11. Rxd4 Bf6 12. Rd1 Qc7 13. c4 Nb6 14. Na3 Bd7 15. Bf4 Qc8 16. Bd6 Rd8 17. Rac1 Bc6 18.
c5 Bxg2 19. Kxg2 Nd5 20. Nc4 Qc6 21. Kg1 Qa6 22. a3 Rac8 23. Kf1 b6 24. cxb6 axb6 25. Bb4 Nxb4 26. Rxd8+ Rxd8 27. axb4 Qb5 28. b3 Qxb4 29. Rd1 Rc8 30. Rd3 h6 31. Kg2 b5 32. Nd6 Rd8 33.
Ne4 Rxd3 34. Qxd3 Be7 35. h4 f5 36. Nd2 Qc5 37. Nf3 g5 38. hxg5 hxg5 39. Kf1 g4 40. Ne1 b4 41. Nc2 Qc3 42. Qxc3 bxc3 43. Ke2 Kf7 44.
Kd3 Bc5 45. Ne3 Kf6 46. Kxc3 e5 47. Kd3 Kg5 48. Ke2 f4 49. gxf4+ exf4 50. Nd1 f3+ 51. Kf1 Kf4 52. Nb2 Bb6 53. Nc4 Ke4 54. Nxb6 Kd3 55.
Nc4 Kc3 56. Ne5 Kxb3 57. Nxg4 Kc4 58. Nh2 Kd3 59. Nxf3 Ke4 60. Nh2 Kf4 61. Kg1 1-0

[Event "*** Titled Tuesday Blitz"]
[Site "Chess.com"]
[Date "2020.11.24"]
[Round "4"]
[White "klimkoj"]
[Black "JoachimMouhamad"]
[Result "1-0"]
[WhiteElo "2622"]
[BlackElo "2470"]
[TimeControl "180+1"]
[EndTime "10:56:16 PST"]
[Termination "klimkoj won on time"]

1. e4 e5 2. Nf3 Nc6 3. Bb5 a6 4. Ba4 Nf6 5. O-O Be7 6. Re1 b5 7. Bb3 d6 8. c3 O-O 9. h3 Nb8 10.
d4 Nbd7 11. c4 c6 12. a3 h6 13. Nc3 Rb8 14. c5 exd4 15. cxd6 Bxd6 16. Nxd4 Qc7 17.
Be3 Ne5 18. Rc1 c5 19. f4 cxd4 20. Bxd4 Nc6 21. Nd5 Nxd5 22. exd5 Bxf4 23. Rxc6 Qd8 24. Qf3 Qg5 25. Re4 Bd2 26. Bc5 Bf5 27. Re5 g6 28.
Bxf8 Rxf8 29. Bc2 Qh4 30. Re2 Qd4+ 31. Qf2 Qxf2+ 32. Kxf2 Bxc2 33. Rxd2 Bf5 34. Rxa6 Rd8 35.
d6 Kg7 36. Rb6 Bd7 37. Rb7 Kf6 38. Rc7 Ke6 39. Ke3 f5 40. Rd4 g5 41. g3 h5 42. h4 f4+ 43. gxf4 gxh4 44. f5+ Kxf5 45. Rxh4 Kg5 46. Re4 h4 47. Re7 Bg4 48. d7 h3 49.
Re8 Rxd7 50. Rxd7 Bxd7 51. Rg8+ Kf6 52. Rh8 Ke7 53. Kf4 Kd6 54. Rh5 Be6 55. Rxb5 Bd5 56. Rb6+ Kc5 57. Rh6 Kc4 58. Rxh3 1-0

[Event "*** Titled Tuesday Blitz"]
[Site "Chess.com"]
[Date "2020.11.24"]
[Round "4"]
[White "StockholmMissile"]
[Black "CzechmVIII"]
[Result "1-0"]
[WhiteElo "2361"]
[BlackElo "2136"]
[TimeControl "180+1"]
[EndTime "10:56:17 PST"]
[Termination "StockholmMissile won on time"]

1. Nf3 c5 2. g3 b6 3. Bg2 Bb7 4. O-O Nf6 5. d3 e6 6. c4 Be7 7.
Nc3 O-O 8. b3 d6 9. Bb2 a6 10.
d4 Ne4 11. d5 Nxc3 12. Bxc3 exd5 13. cxd5 b5 14. a4 Nd7 15. Qd3 b4 16. Bb2 a5 17.
Nd2 Bf6 18. Bxf6 Nxf6 19. Nc4 Ba6 20. e4 Re8 21. f4 Nd7 22. Rae1 Rc8 23. Bh3 Bxc4 24.
bxc4 Rb8 25. Bxd7 Qxd7 26. Qb3 f6 27. Re3 Kh8 28. Rfe1 Qg4 29. Kf2 Rb7 30. R1e2 Rbe7 31. Qd3 h5 32. Ke1 Kg8 33. Kd2 Qg6 34. Kc2 Kh8 35.
Kb3 Qg4 36. Qb1 Qd7 37. Qh1 Qb7 38. Qf3 g6 39. e5 fxe5 40. fxe5 dxe5 41. Qf6+ Kh7 42.
Rxe5 Rxe5 43. Rxe5 Rxe5 44. Qxe5 Qf7 45. Qe3 Qf1 46.
Kb2 Qg2+ 47. Kc1 Qh1+ 48. Kd2 Qxh2+ 49. Qe2 Qxg3 50. Qe7+ Kh6 51. d6 Qc3+ 52. Kd1 Qd3+ 53. Ke1 Qc3+ 54. Kf2 Qd2+ 55. Kf3 Qd3+ 56. Qe3+ 1-0

[Event "*** Titled Tuesday Blitz"]
[Site "Chess.com"]
[Date "2020.11.24"]
[Round "4"]
[White "sjam6687"]
[Black "Arkady_Gitelson"]
[Result "1-0"]
[WhiteElo "2798"]
[BlackElo "2611"]
[TimeControl "180+1"]
[EndTime "10:56:18 PST"]
[Termination "sjam6687 won on time"]

1. d4 Nf6 2. Nf3 g6 3. c4 Bg7 4.
g3 O-O 5. Bg2 d6 6. O-O c6 7.
Nc3 Bf5 8. Re1 Ne4 9. Bd2 Nxc3 10. Bxc3 Be4 11. Qb3 Qc7 12. Rad1 Nd7 13. Ng5 Bxg2 14. Kxg2 Nb6 15. e4 e6 16. f4 d5 17. c5 Nd7 18.
Qc2 b6 19. b4 dxe4 20. Nxe4 Nf6 21. a4 Nd5 22. Qd3 Rfd8 23. Bd2 a5 24. bxa5 bxa5 25. Nd6 Bf8 26. Ne4 Be7 27. Ng5 Rab8 28. Rb1 Rxb1 29. Rxb1 Rb8 30. Bxa5 Qc8 31. Rxb8 Qxb8 32. Bd2 Qb2 33. a5 Qa2 34. Nf3 Bd8 35. a6 Nb4 36. Qc3 Nxa6 37. Ne5 Qd5+ 38. Qf3 Qxf3+ 39. Kxf3 Nb8 40. g4 f6 41. Nc4 Kf7 42. Ba5 Be7 43. Bc7 Na6 44. Bb6 Nb4 45. Na5 Nd5 46. Nxc6 Ke8 47.
Nxe7 Kxe7 48. g5 fxg5 49. fxg5 Kd7 50. Ke4 Nc3+ 51. Ke5 Ne2 52. Kf6 Nf4 53. Kg7 Nh3 54. Kh6 Nxg5 55. Kxg5 1-0

[Event "*** Titled Tuesday Blitz"]
[Site "Chess.com"]
[Date "2020.11.24"]
[Round "4"]
[White "Harsha_Bharathakoti"]
[Black "SchmakAttack"]
[Result "1-0"]
[WhiteElo "2717"]
[BlackElo "2503"]
[TimeControl "180+1"]
[EndTime "10:56:22 PST"]
[Termination "Harsha_Bharathakoti won on time"]

1. d4 Nf6 2. c4 e6 3. Nc3 Bb4 4. e3 O-O 5. Bd2 c5 6. Nf3 cxd4 7. Nxd4 d5 8. Rc1 e5 9. Nc2 Be7 10. cxd5 Nxd5 11. Bc4 Be6 12. Qe2 Nc6 13. O-O Rc8 14.
Rfd1 Nxc3 15. Bxc3 Bxc4 16. Qxc4 Qb6 17. Qe4 Rfd8 18. Ne1 Rxd1 19. Rxd1 Rd8 20. Rc1 Qa6 21. a3 Qe2 22. g4 Rd1 23. Rxd1 Qxd1 24. Kg2 Qd7 25. Nf3 f6 26. h4 Qe6 27. h5 Kf7 28. Nh4 Bf8 29. Kg3 Kg8 30. Nf5 a6 31. f3 b5 32. Qd3 Kf7 33. Nh4 Kg8 34. Kf2 Qd6 35.
Qe4 Ne7 36. Ke2 Nd5 37. Bd2 Qc6 38. Nf5 Kf7 39. Ng3 Qe6 40. Qxh7 Nb6 41. Qd3 Nc4 42.
Bc3 Bc5 43. Nf5 Qc6 44. e4 Bb6 45. Qd5+ Qxd5 46. exd5 g6 47. hxg6+ Kxg6 48. Kd3 Kf7 49.
b3 Nxa3 50. Bb4 Nb1 51. Kc2 a5 52. Kxb1 axb4 53. Kc2 Bc5 54. Kd3 Ke8 55. Ke4 Kd7 56. Ng3 Ke7 57. Nh5 Kf7 58. Kf5 Be7 59. Ng3 Bc5 60. Ne4 Be7 61. d6 Bd8 62. Nc5 Bb6 63. Ne6 Ke8 64. Kxf6 1-0